3A
HOGSMEADE CAULDRONS @ BELLEVUE BRUINS
07/19/2024
 
TOP OF THE 1ST
Hogsmeade Cauldrons batting - Pitching for Bellevue Bruins : RHP Alfonso Santa Maria
Pitching: RHP Alfonso Santa Maria
Batting: SHB Salvador Trevino 0-0: Ball
1-0: Ball
2-0: Foul Ball, location: 2F
2-1: Called Strike
2-2: Strikes out looking
Batting: LHB Tyler Knopp 0-0: Called Strike
0-1: Ball
1-1: Swinging Strike
1-2: Ball
2-2: Ball
3-2: Ground out 4-3 (Groundball, 34)
Batting: LHB David Breitling 0-0: Ball
1-0: Ground out 5-3 (Groundball, 5S)
Top of the 1st over - 0 run(s), 0 hit(s), 0 error(s), 0 left on base; Hogsmeade 0 - Bellevue 0
BOTTOM OF THE 1ST
Bellevue Bruins batting - Pitching for Hogsmeade Cauldrons : RHP Marv Bradford
Pitching: RHP Marv Bradford
Batting: RHB Jesús Vargas 0-0: Reached on error, E6 (Groundball, 6)
Batting: RHB Luis Ríos 0-0: Ball
1-0: Ball
2-0: Ball
3-0: Called Strike
3-1: Called Strike
3-2: Foul Ball, location: 2F
3-2: Foul Ball, location: 2F
3-2: Foul Ball, location: 2F
3-2: Foul Ball, location: 2F
3-2: Base on Balls
Batting: RHB Gary Chalmers 0-0: Ball
1-0: SINGLE (Line Drive, 8LS)
Jesús Vargas to third
Luis Ríos to second
Runner from 3rd tries for Home, SAFE, no throw or cutoff
Batting: LHB Chia-ch'ing Dodman 0-0: Ball
1-0: Foul Ball, location: 2F
1-1: Called Strike
1-2: Fly out, F8 (Flyball, 8RXD)
Runner from 2nd tags up, SAFE at 3rd, no throw
Batting: LHB Jim Schlossnagle 0-0: Called Strike
0-1: SINGLE (Line Drive, 34D)
Luis Ríos scores
Gary Chalmers to second
Batting: RHB Edgar González 0-0: Ball
1-0: Foul Ball, location: 2F
1-1: Foul Ball, location: 2F
1-2: Ball
2-2: Ball
3-2: Fly out, F4 (Popup, 4MD)
Batting: RHB Mark Bishop 0-0: Ball
1-0: Foul Ball, location: 2F
1-1: Ball
2-1: Fly out, F9 (Flyball, 9LM)
Bottom of the 1st over - 2 run(s), 2 hit(s), 1 error(s), 2 left on base; Hogsmeade 0 - Bellevue 2
TOP OF THE 2ND
Hogsmeade Cauldrons batting - Pitching for Bellevue Bruins : RHP Alfonso Santa Maria
Batting: RHB Santiago Mosca 0-0: Ball
1-0: Ground out 6-3 (Groundball, 6)
Now at SS: Leo Shoemaker
Batting: SHB Lupo Cotto 0-0: Called Strike
0-1: Ball
1-1: Ball
2-1: SINGLE (Line Drive, 4MD)
Batting: LHB Jorge García 0-0: SINGLE (Groundball, 56D)
Lupo Cotto to second
Batting: RHB Gonzalo Ángel 0-0: Fly out, F7 (Flyball, 7S)
Batting: RHB Jorge Ramos 0-0: Called Strike
0-1: Ball
1-1: Foul Ball, location: 2F
1-2: Ball
2-2: Strikes out swinging
Top of the 2nd over - 0 run(s), 2 hit(s), 0 error(s), 2 left on base; Hogsmeade 0 - Bellevue 2
BOTTOM OF THE 2ND
Bellevue Bruins batting - Pitching for Hogsmeade Cauldrons : RHP Marv Bradford
Batting: RHB Leo Shoemaker 0-0: Ball
1-0: Ground out 5-3 (Groundball, 5S)
Batting: RHB Luis Rodríguez 0-0: SINGLE (Line Drive, 4D)
Batting: RHB Jesús Vargas 0-0: Ball
Luis Rodríguez is caught stealing 2nd base
1-0: Called Strike
1-1: Swinging Strike
1-2: SINGLE (Flyball, 7S)
Batting: RHB Luis Ríos 0-0: Ball
1-0: Called Strike
1-1: Foul Ball, location: 2F
1-2: Ball
2-2: Foul Ball, location: 2F
2-2: Foul Ball, location: 2F
2-2: Foul Ball, location: 2F
2-2: Foul Ball, location: 2F
2-2: Strikes out swinging
Bottom of the 2nd over - 0 run(s), 2 hit(s), 0 error(s), 1 left on base; Hogsmeade 0 - Bellevue 2
TOP OF THE 3RD
Hogsmeade Cauldrons batting - Pitching for Bellevue Bruins : RHP Alfonso Santa Maria
Batting: LHB Jim Unknown 0-0: Called Strike
0-1: Ball
1-1: Fly out, F4 (Popup, 4D)
Batting: SHB Salvador Trevino 0-0: Ball
1-0: DOUBLE (Groundball, 3L)
Batting: LHB Tyler Knopp 0-0: Ball
1-0: Called Strike
1-1: Called Strike
1-2: Ball
2-2: Fly out, F7 (Flyball, 78M)
Batting: LHB David Breitling 0-0: Ground out 3-1 (Groundball, 34)
Top of the 3rd over - 0 run(s), 1 hit(s), 0 error(s), 1 left on base; Hogsmeade 0 - Bellevue 2
BOTTOM OF THE 3RD
Bellevue Bruins batting - Pitching for Hogsmeade Cauldrons : RHP Marv Bradford
Batting: RHB Gary Chalmers 0-0: SINGLE (Groundball, 56D)
Batting: LHB Chia-ch'ing Dodman 0-0: Ball
1-0: Swinging Strike
1-1: Grounds into double play, 4-6-3 (Groundball, 34)
Batting: LHB Jim Schlossnagle 0-0: Swinging Strike
0-1: Ball
1-1: Swinging Strike
1-2: Fly out, F7 (Flyball, 7S)
Bottom of the 3rd over - 0 run(s), 1 hit(s), 0 error(s), 0 left on base; Hogsmeade 0 - Bellevue 2
TOP OF THE 4TH
Hogsmeade Cauldrons batting - Pitching for Bellevue Bruins : RHP Alfonso Santa Maria
Batting: RHB Santiago Mosca 0-0: Called Strike
0-1: Ball
1-1: Foul Ball, location: 2F
1-2: Ball
2-2: Strikes out looking
Batting: SHB Lupo Cotto 0-0: Called Strike
0-1: SOLO HOME RUN (Flyball, 89XD), Distance : 434 ft
Batting: LHB Jorge García 0-0: Ground out 6-3 (Groundball, 6)
Batting: RHB Gonzalo Ángel 0-0: Fly out, F7 (Flyball, 7M)
Top of the 4th over - 1 run(s), 1 hit(s), 0 error(s), 0 left on base; Hogsmeade 1 - Bellevue 2
BOTTOM OF THE 4TH
Bellevue Bruins batting - Pitching for Hogsmeade Cauldrons : RHP Marv Bradford
Batting: RHB Edgar González 0-0: Ball
1-0: Ball
2-0: Called Strike
2-1: SINGLE (Flyball, 78S)
Batting: RHB Mark Bishop 0-0: Called Strike
0-1: Ball
1-1: Swinging Strike
1-2: Fly out, F4 (Line Drive, 4)
Batting: RHB Leo Shoemaker 0-0: Ball
1-0: Ball
2-0: Called Strike
2-1: Ball
3-1: Base on Balls
Edgar González to second
Batting: RHB Luis Rodríguez 0-0: Ball
1-0: Foul Ball, location: 2F
1-1: Ball
2-1: Called Strike
2-2: Strikes out swinging
Batting: RHB Jesús Vargas 0-0: Ball
1-0: Ball
2-0: Ball
3-0: Called Strike
3-1: Foul Ball, location: 2F
3-2: Strikes out swinging
Bottom of the 4th over - 0 run(s), 1 hit(s), 0 error(s), 2 left on base; Hogsmeade 1 - Bellevue 2
TOP OF THE 5TH
Hogsmeade Cauldrons batting - Pitching for Bellevue Bruins : RHP Alfonso Santa Maria
Batting: RHB Jorge Ramos 0-0: Ball
1-0: Fly out, F4 (Popup, 34D)
Batting: LHB Jim Unknown 0-0: Called Strike
0-1: Ball
1-1: Ball
2-1: Ball
3-1: Fly out, F7 (Line Drive, 7S)
Batting: SHB Salvador Trevino 0-0: SINGLE (Line Drive, 89S)
Batting: LHB Tyler Knopp 0-0: Ball
1-0: Called Strike
1-1: Foul Ball, location: 2F
1-2: SINGLE (Line Drive, 8LS)
Salvador Trevino to second
Batting: LHB David Breitling 0-0: Ball
1-0: Fly out, F2 (Popup, 2LF)
Top of the 5th over - 0 run(s), 2 hit(s), 0 error(s), 2 left on base; Hogsmeade 1 - Bellevue 2
BOTTOM OF THE 5TH
Bellevue Bruins batting - Pitching for Hogsmeade Cauldrons : RHP Marv Bradford
Batting: RHB Luis Ríos 0-0: Ball
1-0: Ground out 3-1 (Groundball, 34)
Batting: RHB Gary Chalmers 0-0: Ball
1-0: Ball
2-0: SINGLE (Line Drive, 7LS)
Batting: LHB Chia-ch'ing Dodman 0-0: Foul Ball, location: 2F
0-1: Fly out, F7 (Flyball, 7LD)
Batting: LHB Jim Schlossnagle Pickoff Throw to First - Out!
Bottom of the 5th over - 0 run(s), 1 hit(s), 0 error(s), 0 left on base; Hogsmeade 1 - Bellevue 2
TOP OF THE 6TH
Hogsmeade Cauldrons batting - Pitching for Bellevue Bruins : RHP Alfonso Santa Maria
Batting: RHB Santiago Mosca 0-0: Foul Ball, location: 2F
0-1: Ball
1-1: Foul Ball, location: 2F
1-2: Strikes out swinging
Batting: SHB Lupo Cotto 0-0: Swinging Strike
0-1: Ball
1-1: Foul Ball, location: 2F
1-2: Fly out, F7 (Flyball, 78M)
Batting: LHB Jorge García 0-0: Ball
1-0: Called Strike
1-1: Called Strike
1-2: Strikes out swinging
Top of the 6th over - 0 run(s), 0 hit(s), 0 error(s), 0 left on base; Hogsmeade 1 - Bellevue 2
BOTTOM OF THE 6TH
Bellevue Bruins batting - Pitching for Hogsmeade Cauldrons : RHP Marv Bradford
Batting: LHB Jim Schlossnagle 0-0: Ground out U3 (Groundball, 3)
Batting: RHB Edgar González 0-0: Called Strike
0-1: Ball
1-1: Foul Ball, location: 2F
1-2: Ball
2-2: Fly out, F9 (Flyball, 9M)
Batting: RHB Mark Bishop 0-0: Called Strike
0-1: Swinging Strike
0-2: Ball
1-2: Ground out 6-3 (Groundball, 6M)
Bottom of the 6th over - 0 run(s), 0 hit(s), 0 error(s), 0 left on base; Hogsmeade 1 - Bellevue 2
TOP OF THE 7TH
Hogsmeade Cauldrons batting - Pitching for Bellevue Bruins : RHP Alfonso Santa Maria
Batting: RHB Gonzalo Ángel 0-0: Ground out 3-1 (Groundball, 34)
Batting: RHB Jorge Ramos 0-0: Foul Ball, location: 2F
0-1: Ball
1-1: Called Strike
1-2: Foul Ball, location: 2F
1-2: Fly out, F8 (Flyball, 8LM)
Batting: LHB Jim Unknown 0-0: Called Strike
0-1: Ball
1-1: SINGLE (Groundball, 4MD) (infield hit)
Pitching: RHP Antoine Ayuso
Batting: SHB Salvador Trevino 0-0: Called Strike
0-1: Fly out, F7 (Flyball, 7M)
Top of the 7th over - 0 run(s), 1 hit(s), 0 error(s), 1 left on base; Hogsmeade 1 - Bellevue 2
BOTTOM OF THE 7TH
Bellevue Bruins batting - Pitching for Hogsmeade Cauldrons : RHP Marv Bradford
Batting: RHB Leo Shoemaker 0-0: Ball
1-0: Ball
2-0: Ball
3-0: Base on Balls
Batting: RHB Luis Rodríguez 0-0: Ball
1-0: Called Strike
1-1: Bunt missed!
1-2: Ball
2-2: Foul Ball, location: 2F
2-2: Foul Ball, location: 2F
2-2: Ball
3-2: Fielders Choice at 2nd, 1-6 (Groundball, 15)
Pitching: RHP Kelly Henry
Pinch Hitting: RHB Jim Unknown 0-0: Ball
1-0: SINGLE (Flyball, 89M)
Luis Rodríguez to second
Runner from 2nd tries for 3rd, SAFE, throw made to third
Jim Unknown to second
Batting: RHB Luis Ríos 0-0: Ball
1-0: Ball
2-0: Fly out, F9 (Flyball, 9LM)
Runner from 3rd tags up, SCORES, no throw
Batting: RHB Gary Chalmers 0-0: Ball
1-0: Swinging Strike
1-1: Foul Ball, location: 2F
1-2: Strikes out swinging
Bottom of the 7th over - 1 run(s), 1 hit(s), 0 error(s), 1 left on base; Hogsmeade 1 - Bellevue 3
TOP OF THE 8TH
Hogsmeade Cauldrons batting - Pitching for Bellevue Bruins : RHP Antoine Ayuso
Now in LF: Jim Unknown
Batting: LHB Tyler Knopp 0-0: Ball
1-0: Ball
2-0: Called Strike
2-1: Called Strike
2-2: Fly out, F6 (Line Drive, 6MD)
Batting: LHB David Breitling 0-0: Called Strike
0-1: Ball
1-1: SINGLE (Line Drive, 78S)
Batting: RHB Santiago Mosca 0-0: Fly out, F1 (Popup, 2R)
Batting: SHB Lupo Cotto 0-0: Called Strike
0-1: Ball
1-1: Ball
2-1: Swinging Strike
2-2: Fly out, F7 (Flyball, 78M)
Top of the 8th over - 0 run(s), 1 hit(s), 0 error(s), 1 left on base; Hogsmeade 1 - Bellevue 3
BOTTOM OF THE 8TH
Bellevue Bruins batting - Pitching for Hogsmeade Cauldrons : RHP Kelly Henry
Batting: LHB Chia-ch'ing Dodman 0-0: Called Strike
0-1: DOUBLE (Line Drive, 7LS)
Batting: LHB Jim Schlossnagle 0-0: Intentional Walk
Batting: RHB Edgar González 0-0: Sac Bunt - play at first, batter OUT! 5-3
Chia-ch'ing Dodman to third
Jim Schlossnagle to second
Pinch Hitting: SHB Jesús Rodríguez 0-0: Foul Ball, location: 2F
0-1: Called Strike
0-2: Ball
1-2: Ball
2-2: Ground out 1-3 (Groundball, 25)
Batting: RHB Leo Shoemaker 0-0: Ball
1-0: Ball
2-0: Called Strike
2-1: Called Strike
2-2: Ball
3-2: Base on Balls
Batting: RHB Luis Rodríguez 0-0: Called Strike
0-1: Called Strike
0-2: Foul Ball, location: 2F
0-2: Ball
1-2: Strikes out looking
Bottom of the 8th over - 0 run(s), 1 hit(s), 0 error(s), 3 left on base; Hogsmeade 1 - Bellevue 3
TOP OF THE 9TH
Hogsmeade Cauldrons batting - Pitching for Bellevue Bruins : RHP Antoine Ayuso
Pitching: LHP Joe Terry
Now at 1B: Jesús Rodríguez
Batting: LHB Jorge García 0-0: Ball
1-0: Called Strike
1-1: Ball
2-1: Foul Ball, location: 2F
2-2: Ground out 4-3 (Groundball, 34)
Batting: RHB Gonzalo Ángel 0-0: SINGLE (Groundball, 34D)
Pinch Hitting: RHB Héctor Casas 0-0: Ball
1-0: Ball
2-0: Ball
3-0: Base on Balls
Gonzalo Ángel to second
Batting: LHB Jim Unknown 0-0: Swinging Strike
0-1: Swinging Strike
0-2: Strikes out looking
Batting: SHB Salvador Trevino 0-0: Ball
1-0: Foul Ball, location: 2F
1-1: Ball
2-1: Foul Ball, location: 2F
2-2: Ball
3-2: Foul Ball, location: 2F
3-2: Base on Balls
Gonzalo Ángel to third
Héctor Casas to second
Batting: LHB Tyler Knopp 0-0: Foul Ball, location: 2F
0-1: Foul Ball, location: 2F
0-2: Strikes out swinging
Top of the 9th over - 0 run(s), 1 hit(s), 0 error(s), 3 left on base; Hogsmeade 1 - Bellevue 3
This league is powered by Out of the Park Baseball, the baseball management simulation game for PC, Mac and Linux
Monday, October 3rd, 2016 - OOTP Baseball 16.9 Build 39